 Dungeon Crawl Stone Soup version 0.24.1-8-ga250c9d538 (webtiles) character file.

Game seed: 14407470700866809309, levelgen mode: deterministic

144 Peloso the Shield-Bearer (level 5, -4/41 HPs)
             Began as a Demonspawn Fighter on Apr 30, 2020.
             Slain by a gnoll
             ... wielding a +0 spear
              (7 damage)
             ... on level 2 of the Dungeon.
             The game lasted 00:02:11 (1138 turns).

Peloso the Shield-Bearer (Demonspawn Fighter)       Turns: 1138, Time: 00:02:12

Health: -4/41      AC:  8    Str: 17    XL:     5   Next: 5%
Magic:  5/5        EV:  9    Int:  9    God:
Gold:   156        SH:  9    Dex: 13    Spells: 4/4 levels left

rFire    . . .     SeeInvis .   a - +0 long sword
rCold    . . .     Gourm    .   c - +0 shield
rNeg     . . .     Faith    .   b - +0 scale mail
rPois    .         Spirit   .   (no helmet)
rElec    .         Reflect  .   j - +0 cloak
rCorr    .         Harm     .   (no gloves)
MR       .....                  (no boots)
Stlth    ..........             (no amulet)
HPRegen  0.13/turn              (no ring)
MPRegen  0.09/turn              (no ring)

@: no status effects
A: repulsion field 1, rot immunity
a: no special abilities


You were on level 2 of the Dungeon.
You were very hungry.

You visited 1 branch of the dungeon, and saw 2 of its levels.

You collected 156 gold pieces.

Inventory:

Hand Weapons
 a - a +0 long sword (weapon)
Armour
 b - a +0 scale mail (worn)
 c - a +0 shield (worn)
 j - a +0 cloak (worn)
Scrolls
 i - a scroll of teleportation {unknown}
Potions
 d - a potion of might
 e - a potion of degeneration {unknown}
 g - 2 potions of heal wounds {unknown}
Comestibles
 f - 3 rations


   Skills:
 + Level 3.4 Fighting
 + Level 3.0 Long Blades
 + Level 3.4 Armour
 + Level 1.0 Dodging
 + Level 3.4 Shields


You had 4 spell levels left.
You didn't know any spells.
Your spell library was empty.

Dungeon Overview and Level Annotations

Branches:
Dungeon (2/15)

Altars:


Innate Abilities, Weirdness & Mutations

You are surrounded by a mild repulsion field. (EV +2)
You are immune to rotting.


Message History

The gnoll barely misses you. You block the gnoll's attack.
The gnoll barely misses you. The gnoll hits you with a +0 spear.
* * * LOW HITPOINT WARNING * * *
You hit the gnoll but do no damage.
The gnoll is severely wounded.
You block the gnoll's attack. x2
You closely miss the gnoll.
The gnoll is severely wounded.
You block the gnoll's attack. x2
You closely miss the gnoll.
The gnoll is severely wounded.
The gnoll hits you from afar with a +0 spear.
* * * LOW HITPOINT WARNING * * *
The gnoll hits you but does no damage.
You closely miss the gnoll.
The gnoll is severely wounded.
The gnoll barely misses you. The gnoll hits you with a +0 spear.
* * * LOW HITPOINT WARNING * * *
The gnoll hits you from afar with a +0 spear!
You die...

....................
........##.......... #
#.........#.....#.. .
#....####....#### # ## .##.
.>...## ###.)#### .##....
......###.......######.....#
#.##......#.###...........###
#.####..#...#######..........
##. #...........@gg...%.....!
#.#...#..##..####..........
.#........... #..........
#......#.#.......#.#.###.
#..........#.....#.#.#
#..............###.# .
#.........####.. .. .
#..#....### ##.. ## ##
##.......##


You could see 2 gnolls.

Vanquished Creatures
  Natasha (thrice) (D:2)
  2 gnolls (D:2)
  3 adders (D:2)
  2 dart slugs (D:1)
  2 leopard geckos (D:1)
  A giant cockroach (D:2)
  A goblin (D:1)
  A hobgoblin (D:1)
  3 kobolds
  2 bats (D:1)
  A frilled lizard (D:2)
  A rat (D:2)
22 creatures vanquished.

Notes
Turn   | Place    | Note
-------+----------+-------------------------------------------
     0 | D:1      | Peloso the Demonspawn Fighter began the quest for the Orb.
     0 | D:1      | Reached XP level 1. HP: 18/18 MP: 1/1
   173 | D:1      | Gained mutation: You are surrounded by a mild repulsion
                  | field. (EV +2) [demonic ancestry]
   173 | D:1      | Reached XP level 2. HP: 21/24 MP: 2/2
   617 | D:2      | Noticed Natasha
   625 | D:2      | HP: 1/24 [white imp/puff of frost[Natasha] (6)]
   627 | D:2      | Killed Natasha
   627 | D:2      | Reached XP level 3. HP: 6/29 MP: 3/3
   707 | D:2      | Noticed Natasha
   729 | D:2      | Killed Natasha
   729 | D:2      | Reached XP level 4. HP: 28/35 MP: 4/4
   738 | D:2      | Noticed Natasha
   751 | D:2      | Killed Natasha
  1115 | D:2      | Reached skill level 1 in Dodging
  1120 | D:2      | Gained mutation: You are immune to rotting. [demonic
                  | ancestry]
  1120 | D:2      | Reached XP level 5. HP: 35/41 MP: 5/5
  1138 | D:2      | Slain by a gnoll

Levels and vault maps discovered:
D:1:      eino_arrival_tree_alley, layout_basic, nrook_loot_triangle
D:2:      layout_rooms, marbit_many_paths, nicolae_ru_great_annihilating_truth,
          uniq_natasha

Skill      XL: |  1  2  3  4 |
---------------+-------------+-----
Shields        | 3 |  3.4
Long Blades    | 2 3 |  3.0
Armour         | 3 |  3.4
Dodging        | 1 |  1.0
Fighting       | |  3.4

Action                   |  1- 3 |  4- 6 || total
-------------------------+-------+-------++-------
Melee: Long sword        |    71 |    50 ||   121
  Use: Potion            |     3 |     1 ||     4
Armor: Scale mail        |    38 |    27 ||    65
Dodge: Dodged            |    29 |    28 ||    57
Block: Shield            |    32 |    37 ||    69
       Rpst.: Long sword |     9 |     5 ||    14
